 Dungeon Crawl Stone Soup version 0.31-a0-145-g046c7d2549 (webtiles) character file.

Game seed: 10593290621565138315

6297 uvd540 the Fighter (level 10, -12/90 HPs)
             Began as a Minotaur Berserker on June 6, 2023.
             Was a High Priest of Trog.
             Mangled by a komodo dragon (15 damage)
             ... on level 1 of the Lair of Beasts.
             The game lasted 00:59:41 (6099 turns).

uvd540 the Fighter (Minotaur Berserker)             Turns: 6099, Time: 00:59:42

Health: -12/90     AC: 13    Str: 21    XL:     10   Next: 63%
Magic:  9/9        EV:  9    Int:  4    God:    Trog [*****.]
Gold:   454        SH:  8    Dex: 15    Spells: 9/9 levels left

rFire   . . .        g - +1 hand axe (freeze)
rCold   . . .        h - +2 buckler
rNeg    + . .        d - +0 plate armour
rPois   .            (helmet restricted)
rElec   .            (no cloak)
rCorr   .            (no gloves)
SInv    .            (no boots)
Will    .....        m - amulet of regeneration Stlth
                     (no ring)
HPRegen 1.15/turn    v - ring of positive energy
MPRegen 0.11/turn

%: no passive effects
@: about to teleport, on berserk cooldown, slowed, very slow
A: horns 2, retaliatory headbutt
a: Renounce Religion, Berserk, Trog's Hand, Brothers in Arms


You were on level 1 of the Lair of Beasts.
You worshipped Trog.
Trog was extremely pleased with you.
You visited 3 branches of the dungeon, and saw 11 of its levels.

You collected 454 gold pieces.

Inventory:

Hand Weapons
 g - a +1 hand axe of freezing (weapon)
 o - a +2 hammer of protection
 B - the +5 spear of Tygapn {heavy, Stlth+}
   (You took it off a centaur on level 7 of the Dungeon)

   Stlth:     It makes you more stealthy.
 D - a +7 mace
Missiles
 q - a javelin (quivered)
 C - 6 curare-tipped darts
Armour
 d - a +0 plate armour (worn)
 h - a +2 buckler (worn)
Jewellery
 i - a ring of fire
 m - an amulet of regeneration (around neck)
 t - an amulet of faith
 v - a ring of positive energy (right hand)
Wands
 a - a wand of polymorph (14)
 r - a wand of flame (45)
 w - a wand of iceblast (14)
 J - a wand of paralysis (8)
Scrolls
 c - 2 scrolls of amnesia
 j - 3 scrolls of fog
 k - 2 scrolls of vulnerability {unknown}
 n - 2 scrolls of enchant armour {unknown}
 s - 2 scrolls of enchant weapon {unknown}
 u - a scroll of acquirement {unknown}
 y - 2 scrolls of summoning {unknown}
 z - a scroll of fear {unknown}
 A - a scroll of brand weapon {unknown}
 G - a scroll of silence {unknown}
Potions
 e - 2 potions of magic
 f - a potion of heal wounds
 l - 2 potions of ambrosia {unknown}
 p - a potion of haste
 x - a potion of might {unknown}
 E - a potion of cancellation {unknown}
 F - a potion of enlightenment {unknown}
 H - a potion of attraction {unknown}


   Skills:
 + Level 8.6 Fighting
 + Level 8.3(9.4) Axes
 + Level 6.8(8.7) Maces & Flails
 + Level 5.8 Throwing
 + Level 7.8 Armour
 + Level 7.1 Dodging
 + Level 7.0 Shields


You had 9 spell levels left.
You didn't know any spells.
Your spell library contained the following spells:

 Spells                   Type           Power      Damage    Failure   Level
 Dazzling Flash           Conj/Hex       0%         N/A       100%        3
 Ozocubu's Armour         Ice            0%         N/A       100%        3
 Volatile Blastmotes      Fire/Tloc      0%         2d10      100%        3
 Iskenderun's Mystic Bla  Conj/Tloc      0%         2d3       100%        4
 Metabolic Englaciation   Hex/Ice        0%         N/A       100%        5
 Simulacrum               Ice/Necr       0%         N/A       100%        6
 Starburst                Conj/Fire      0%         6d3       100%        6
 Ozocubu's Refrigeration  Ice            0%         4d7       100%        7


Dungeon Overview and Level Annotations

Branches:
Dungeon (9/15)             Temple (1/1) D:4            Lair (1/5) D:9
    Orc: D:9-12

Altars:
Dithmenos
Fedhas
Gozag
Hepliaklqana
Kikubaaqudgha
Makhleb
Nemelex Xobeh
Okawaru
Qazlal
Ru
Sif Muna
Trog
Vehumet
Wu Jian
Xom
Yredelemnul
Zin
The Shining One

Shops:
D:9 (

Annotations:
D:6 3 runed translucent doors, promet's ghost, novice MiFi
Temple 2 transporters


Innate Abilities, Weirdness & Mutations

You have a pair of horns on your head.
You reflexively headbutt those who attack you in melee.


Message History

You slash the komodo dragon!
The komodo dragon seems to slow down.
You freeze the komodo dragon. You hit the blink frog.
The blink frog seems to slow down.
You freeze the blink frog.
Your Shields skill increases to level 7!
You feel a strong urge to attack something.
The blink frog blinks!
You feel your anger nearly subside.
You are no longer berserk.
You are exhausted.
You feel yourself slow down.
The blink frog is no longer moving slowly.
The blink frog blinks!
You feel better.
The blink frog blinks!
The blink frog hits you!
* * * LOW HITPOINT WARNING * * *
You feel better.
The blink frog blinks!
The blink frog barely misses you. You furiously retaliate!
You headbutt the blink frog.
The bullfrog hits you but does no damage.
You barely miss the komodo dragon.
The komodo dragon is heavily wounded.
You hit the blink frog. You freeze the blink frog. You miss the bullfrog.
The bullfrog hits you but does no damage.
The blink frog blinks!
The komodo dragon bites you but does no damage.
You closely miss the komodo dragon.
The komodo dragon is heavily wounded.
You miss the blink frog.
The komodo dragon is no longer moving slowly.
The blink frog hits you. The bullfrog hits you!
* * * LOW HITPOINT WARNING * * *
The blink frog blinks!
The komodo dragon bites you!
* * * LOW HITPOINT WARNING * * *
As you read the scroll of teleportation, it crumbles to dust.
You feel strangely unstable. The bullfrog closely misses you.
The blink frog blinks!
The bullfrog barely misses you.
The komodo dragon completely misses you.
The blink frog hits you!
* * * LOW HITPOINT WARNING * * *
You block the polar bear's attack. The polar bear barely misses you.
You block the polar bear's attack.
The blink frog blinks!
The komodo dragon bites you!
You die...

...................
....................
.................##
.....#..'#.......#
#...##.#.##......#
#.§.##...##......#
#...##....+......#.
#..F##...#.........
#.@.##>..##........
#Fhl##...##......#.
#.F.###..##........
≈~.####...###+.#.......##
≈~h.....†................
§~........§..............
.........................
.........................
.........................


You could see a polar bear, a komodo dragon, 2 blink frogs and a bullfrog.

Vanquished Creatures
  A two-headed ogre (D:8)
  A rime drake (Lair:1)
  Grinder (D:5)
  2 blink frogs (Lair:1)
  Sigmund (D:4)
  16 yaks
  An orc warrior (D:8)
  An ice beast (D:7)
  2 black bears (D:7)
  2 ogres (D:5)
  A centaur (D:7)
  2 phantoms
  A kobold brigand (D:4)
  2 scorpions
  A water moccasin zombie (D:6)
  A howler monkey (D:4)
  2 electric eels
  3 centaur zombies (D:6)
  5 orc priests
  2 bullfrog zombies (D:6)
  2 hounds (D:5)
  3 gnoll boudas
  Crazy Yiuf (D:4)
  7 iguanas
  7 orc wizards
  2 sleepcaps
  A howler monkey zombie (D:6)
  15 gnolls
  7 adders
  3 shadow imps
  2 white imps
  2 ufetubi (D:7)
  A worm (D:2)
  9 dart slugs
  44 orcs
  7 ball pythons
  5 bats
  5 endoplasms
  3 giant cockroaches
  11 hobgoblins
  11 jackals
  A quokka (D:4)
  2 frilled lizards
  3 goblins
  9 kobolds
  3 rats
214 creatures vanquished.

Notes
Turn   | Place    | Note
-------+----------+-------------------------------------------
     0 | D:1      | uvd540 the Minotaur Berserker began the quest for the Orb.
     0 | D:1      | Reached XP level 1. HP: 19/19 MP: 0/0
    48 | D:1      | Reached XP level 2. HP: 24/27 MP: 1/1
   600 | D:2      | You fall into a shaft and drop 1 floor!
   625 | D:3      | Reached XP level 3. HP: 18/33 MP: 2/2
   818 | D:2      | Reached ** piety under Trog
  1246 | D:2      | Reached skill level 1 in Shields
  1246 | D:2      | Reached XP level 4. HP: 41/41 MP: 3/3
  1829 | D:3      | Found an ornate altar of the Wu Jian Council.
  2231 | D:3      | Reached XP level 5. HP: 18/47 MP: 4/4
  2275 | D:4      | Found a staircase to the Ecumenical Temple.
  2277 | D:4      | Reached skill level 1 in Maces & Flails
  2307 | D:4      | Reached skill level 1 in Throwing
  2314 | D:4      | Reached skill level 5 in Fighting
  2328 | D:4      | Reached *** piety under Trog
  2329 | D:4      | Reached skill level 5 in Axes
  2329 | D:4      | Reached XP level 6. HP: 53/56 MP: 5/5
  2366 | Temple   | Entered the Ecumenical Temple
  2366 | Temple   | Found a transporter.
  2366 | Temple   | Found a transporter.
  2368 | Temple   | Found a transporter.
  2368 | Temple   | Found a transporter.
  2591 | D:4      | Found a runed translucent door.
  2592 | D:4      | Noticed Crazy Yiuf
  2600 | D:4      | Killed Crazy Yiuf
  2661 | D:4      | Noticed Sigmund
  2671 | D:4      | Killed Sigmund
  2672 | D:4      | Reached XP level 7. HP: 61/61 MP: 6/6
  3144 | D:5      | Entered Level 5 of the Dungeon
  3288 | D:5      | Reached **** piety under Trog
  3348 | D:5      | Reached XP level 8. HP: 70/70 MP: 7/7
  3439 | D:5      | Reached skill level 5 in Armour
  3627 | D:5      | Found an opulent altar of Gozag.
  3693 | D:5      | Noticed Grinder
  3707 | D:5      | Killed Grinder
  3827 | D:6      | Reached skill level 5 in Dodging
  3933 | D:6      | Found a runed translucent gate.
  3933 | D:6      | Found a runed translucent gate.
  3933 | D:6      | Found a runed translucent gate.
  3935 | D:6      | Found an opulent altar of Gozag.
  3937 | D:6      | Noticed promet's ghost (novice MiFi)
  3995 | D:6      | Found a radiant altar of Vehumet.
  4261 | D:6      | Found a basalt altar of Yredelemnul.
  4271 | D:6      | Reached ***** piety under Trog
  4397 | D:6      | Reached XP level 9. HP: 78/78 MP: 8/8
  4469 | D:6      | Reached skill level 5 in Shields
  4649 | D:7      | Found a sparkling altar of Nemelex Xobeh.
  4649 | D:7      | Found a glowing golden altar of the Shining One.
  4913 | D:7      | Identified the +5 spear of Tygapn {heavy, Stlth+}
  4968 | D:7      | Reached skill level 5 in Maces & Flails
  5014 | D:7      | Received a gift from Trog
  5484 | D:8      | Reached skill level 5 in Throwing
  5499 | D:8      | Reached XP level 10. HP: 42/88 MP: 9/9
  5669 | D:8      | Noticed a two-headed ogre
  5681 | D:8      | Killed a two-headed ogre
  5903 | D:9      | Found Ituploap's Weapon Shop.
  5940 | D:9      | Found a staircase to the Lair.
  5949 | Lair:1   | Entered Level 1 of the Lair of Beasts
  6099 | Lair:1   | HP: 3/90 [blink frog (10)]
  6099 | Lair:1   | Mangled by a komodo dragon

Illustrated notes

Levels and vault maps discovered:
D:1:      tarquinn_simple_flora_water_f, layout_basic
D:2:      kennysheep_big_flooded_room, layout_loops_corners
D:3:      layout_basic, nzn_wu_jian_contemplation,
          chequers_serial_rivers_micro_b
D:4:      layout_loops_ring, temple_green, st_stairs_12,
          uniq_crazy_yiuf_cottage, uniq_sigmund
D:5:      layout_cave_pools, mainiacjoe_overflow_concentric_impassable,
          chequers_avenue, uniq_grinder
D:6:      layout_basic, nicolae_yredelemnul_corpse_copse,
          mainiacjoe_overflow_surrounded_room, ebering_ghost_gozag
D:7:      layout_loops_ring, chequers_temple_overflow_statue_of_worship,
          serial_bayou_ford_a, st_stairs_6
D:8:      layout_rooms
D:9:      layout_loops_ring, nicolae_uskayaw_dance_hall, dpeg_oklobed_lair,
          serial_shops, nicolae_shop_bloodbath_and_beyond, uniq_erica,
          uniq_maggie
Temple:   hellmonk_temple_divided_pantheon
Lair:1:   layout_regular_city, serial_bayou_lagoon_b,
          infiniplex_staircase_pool_2

Skill      XL: |  1  2  3  4  5  6  7  8  9 10 |
---------------+-------------------------------+-----
Axes           | 4 5 6 7 8 |  8.3
Fighting       | 4 5 6 7 8 |  8.6
Armour         | 3 4 5 7 |  7.8
Shields        | 1 2 3 4 6 7 |  7.0
Dodging        | 3 4 5 6 7 |  7.1
Maces & Flails | 1 2 3 4 5 6 |  6.8
Throwing       | 1 2 4 5 |  5.8

Action                     |  1- 3 |  4- 6 |  7- 9 | 10-12 || total
---------------------------+-------+-------+-------+-------++-------
  Melee: Hand axe          |    75 |   136 |   107 |    23 ||   341
         Headbutt          |    13 |    36 |    64 |    21 ||   134
         Mace              |       |     5 |   201 |    36 ||   242
         Unarmed           |       |     1 |       |       ||     1
         Spear             |       |       |    17 |       ||    17
  Throw: Javelin           |       |     6 |    12 |     2 ||    20
 Invoke: Trog's Hand       |       |       |     2 |       ||     2
         Berserk           |       |       |       |     2 ||     2
  Evoke: Wand              |       |       |     8 |     3 ||    11
    Use: Scroll            |     1 |     2 |     5 |     1 ||     9
         Potion            |       |       |     2 |     3 ||     5
 Armour: Animal skin       |    16 |       |       |       ||    16
         Ring mail         |     7 |    33 |   200 |     4 ||   244
         Leather armour    |     3 |       |       |       ||     3
         Plate armour      |       |       |       |    22 ||    22
  Dodge: Dodged            |    55 |    58 |   246 |    26 ||   385
  Block: Buckler           |     8 |    48 |   155 |    24 ||   235

Table legend: (Time is in decaauts)
 A = Elapsed time spent in this place.
 B = Non-inter-level travel time spent in this place.
 C = Inter-level travel time spent in this place.
 D = Time resting spent in this place.
 E = Time spent auto-exploring this place.
 F = Levels seen in this place.
 G = Mean time per level.
                   A        B        C        D        E       F      G
               +--------+--------+--------+--------+--------+-----+--------+
         Total |   6176 |   6068 |    108 |      0 |   2832 |  11 |  561.5 |
       Dungeon |   5977 |   5869 |    108 |      0 |   2798 |   9 |  664.1 |
        Temple |     38 |     38 |      0 |      0 |      0 |   1 |   38.0 |
          Lair |    160 |    160 |      0 |      0 |     34 |   1 |  160.0 |
               +--------+--------+--------+--------+--------+-----+--------+

Top non-repeatable levels by time:
     D:2: 1008 daAuts
     D:6: 898 daAuts
     D:4: 866 daAuts
     D:7: 730 daAuts
     D:3: 690 daAuts
     D:5: 624 daAuts
     D:1: 568 daAuts
     D:8: 509 daAuts
  Lair:1: 160 daAuts
     D:9: 78 daAuts
  Temple: 38 daAuts
